 Dungeon Crawl Stone Soup version 0.25-a0-164-gb55e97dba5 (webtiles) character file.

Game seed: 2616778812308072837, levelgen mode: deterministic

105 MisterFreud the Scratcher (level 4, -5/23 HPs)
             Began as a Felid Wanderer on Nov 22, 2019.
             Slain by a scorpion (10 damage)
             ... on level 4 of the Dungeon.
             The game lasted 00:06:28 (4217 turns).

MisterFreud the Scratcher (Felid Wanderer)          Turns: 4217, Time: 00:06:30

Health: -5/23      AC:  1    Str:  6    XL:     4   Next: 53%
Magic:  5/5        EV: 17    Int: 16    God:
Gold:   173        SH:  0    Dex: 16    Spells: 3/3 levels left
                                        Lives:  0   Deaths: 1

rFire    . . .     SeeInvis +     - Unarmed
rCold    . . .     Gourm    .   (shield unavailable)
rNeg     . . .     Faith    .   (armour unavailable)
rPois    .         Spirit   .   (helmet unavailable)
rElec    .         Reflect  .   (cloak unavailable)
rCorr    .         Harm     .   (gloves unavailable)
MR       .....                  (boots unavailable)
Stlth    ++........             (no amulet)
HPRegen  0.07/turn              (no ring)
MPRegen  0.09/turn              (no ring)

@: quick
A: very small, no armour, no weapons or thrown items, stealth, claws 1, fangs 3,
see invisible, carnivore, speed 1, shaggy fur 1, slow metabolism 1, sharp paws
a: no special abilities


You were on level 4 of the Dungeon.
You were not hungry.

You visited 1 branch of the dungeon, and saw 4 of its levels.

You collected 173 gold pieces.

Inventory:

Jewellery
 p - a cursed ring of attention {unknown}
Scrolls
 a - 3 scrolls of blinking
 g - 2 scrolls of magic mapping {unknown}
 h - a scroll of fear {unknown}
 j - a scroll of immolation {unknown}
 k - a scroll of enchant armour {unknown}
 n - 4 scrolls of teleportation {unknown}
 q - a scroll of remove curse {unknown}
Potions
 b - a potion of heal wounds
 c - a potion of lignification
 e - a potion of might {unknown}
 i - a potion of agility {unknown}
 l - a potion of invisibility {unknown}
 m - a potion of brilliance {unknown}
 o - a potion of mutation {unknown}
Comestibles
 f - 2 rations


   Skills:
 - Level 5.2 Fighting
 + Level 2.0 Dodging
 - Level 1.3 Stealth
 - Level 7.0 Unarmed Combat
   Level 1.1 Evocations


You had 3 spell levels left.
You didn't know any spells.
Your spell library contained the following spells:

 Spells                   Type           Power        Failure   Level  Hunger
 Animate Skeleton         Necr           N/A          26%         1    ##.....
 Pain                     Necr           #...         26%         1    ##.....
 Regeneration             Chrm/Necr      #.........   58%         3    ####...
 Vampiric Draining        Necr           #.........   58%         3    ####...
 Animate Dead             Necr           N/A          94%         4    #####..


Dungeon Overview and Level Annotations

Branches:
Dungeon (4/15)
 Temple: D:4-7

Altars:
Nemelex Xobeh
Trog

Annotations:
D:3 3 runed translucent doors, Leeroy's ghost, amateur DrSk; bmj180's ghost, amateur HOFi


Innate Abilities, Weirdness & Mutations

You cannot wear armour.
You are incapable of wielding weapons or throwing items.
Your paws allow you to move quietly. (Stealth)
You have sharp claws.
You have razor-sharp teeth.
You have supernaturally acute eyesight. (SInv)
You are carnivorous and can eat meat at any time.
You cover ground quickly.
You are covered in fur. (AC +1)
You have a slow metabolism.
Your sharp claws are effective at attacking unaware monsters.


Message History

You die...
You are now level 4!
You rejoin the land of the living...
Found 26 stones.
Unknown command.
Unknown command.
Found a stone staircase leading down.
A scorpion comes into view.
The gnoll shouts! x2
There are monsters nearby!
You barely miss the gnoll. You bite the gnoll, but do no damage.
The gnoll hits you.
You barely miss the gnoll. The gnoll barely misses you.
The gnoll shouts!
You scratch the scorpion but do no damage.
The gnoll hits you from afar with a +0 halberd!
Ouch! That really hurt!
* * * LOW HITPOINT WARNING * * *
The gnoll closely misses you. The scorpion stings you!
You die...

.#.... o..... ...
...... ....
..#... ....# ..#
. ..o.. ..# #...
#### #.... #.g#
#..## .##.
..###.g##...# ##
.
......s@##..#####
...##...##......#
. #...........#
#. ##..###.(...#
#.... #.#.###
....#. ..#.#
#.#..# .>..... #
#.. ##.#...# ...
## #.##


You could see a scorpion, 2 gnolls and an orc.

Vanquished Creatures
  A howler monkey (D:4)
  A bullfrog skeleton (D:4)
  A jelly (D:3)
  A worker ant (D:4)
  3 adders
  3 worms
  2 leopard geckos (D:2)
  4 orcs
  9 bats
  A giant cockroach (D:2)
  5 hobgoblins (D:1)
  6 kobolds
  A quokka (D:2)
  2 frilled lizards
  6 goblins
  A jackal skeleton (D:4)
  9 rats
56 creatures vanquished.

Vanquished Creatures (others)
  A withered plant (D:3)
1 creature vanquished.

Grand Total: 57 creatures vanquished

Notes
Turn   | Place    | Note
-------+----------+-------------------------------------------
     0 | D:1      | MisterFreud the Felid Wanderer began the quest for the Orb.
     0 | D:1      | MisterFreud set off with the following items: a scroll of
                  | blinking, a potion of heal wounds, a potion of
                  | lignification, a potion of curing, a ration
     0 | D:1      | Reached XP level 1. HP: 9/9 MP: 2/2
   314 | D:1      | Reached XP level 2. HP: 8/13 MP: 3/3
  1349 | D:3      | Reached XP level 3. HP: 17/17 MP: 4/4
  2375 | D:2      | Reached XP level 4. HP: 12/22 MP: 5/5
  3108 | D:3      | Found a runed translucent gate.
  3163 | D:3      | Found a sparkling altar of Nemelex Xobeh.
  3168 | D:3      | Found a bloodstained altar of Trog.
  3436 | D:3      | Found a runed translucent gate.
  3436 | D:3      | Found a runed translucent gate.
  3440 | D:3      | Noticed bmj180's ghost (amateur HOFi)
  3440 | D:3      | Noticed Leeroy's ghost (amateur DrSk)
  3776 | D:4      | Reached XP level 5. HP: 25/25 MP: 6/6
  3782 | D:4      | Reached skill level 5 in Fighting
  4194 | D:4      | Reached skill level 1 in Dodging
  4204 | D:4      | Slain by an orc
  4205 | D:4      | Reached XP level 4. HP: -2/23 MP: 5/5
  4217 | D:4      | Slain by a scorpion

Levels and vault maps discovered:
D:1:      roderic_octagonal_star, layout_loops_ring, minmay_hexomino_u4
D:2:      layout_rooms
D:3:      layout_loops_ring, grunt_temple_overflow_open,
          gammafunk_ghost_cemetery
D:4:      layout_cave_pools

Skill      XL: |  1  2  3  4  5 |
---------------+----------------+-----
Fighting       | 2 3 4 5 |  5.2
Dodging        | 2 |  2.0
Stealth        | |  1.3
Unarmed Combat | |  7.0
Evocations     | |  1.1

Action                   |  1- 3 |  4- 6 || total
-------------------------+-------+-------++-------
Melee: Unarmed           |   108 |    60 ||   168
       Bite              |     9 |     5 ||    14
       Punch             |     2 |     1 ||     3
  Use: Potion            |       |     1 ||     1
 Stab: Sleeping          |     4 |     3 ||     7
  Eat: Chunk             |    10 |     2 ||    12
Armor: Skin              |    11 |     4 ||    15
Dodge: Dodged            |    72 |    28 ||   100

Table legend:
 A = Non-vault XP
 B = Vault XP
 C = Vault XP percentage of total XP
 D = Non-vault monster count
 E = Vault monster count
 F = Vault count percentage of total count
                 A         B        C        D         E       F
            +---------+---------+-------+---------+---------+-------
      Total |     291 |       5 |   1.7 |      52 |       4 |   7.1
            +---------+---------+-------+---------+---------+-------
        D:1 |      30 |       5 |  14.3 |      18 |       4 |  18.2
        D:2 |      51 |       0 |   0.0 |      16 |       0 |   0.0
        D:3 |      68 |       0 |   0.0 |      10 |       0 |   0.0
        D:4 |     142 |       0 |   0.0 |       8 |       0 |   0.0
            +---------+---------+-------+---------+---------+-------
